AoeStats
← R A P T O R

Fortress

509425710Analyzed
4v4 RM · 5d ago on Sep 26, 2026· 57m 44s· 8 players
Game mode
Random Map
Map size
Huge
Population
200
Speed
Normal
Resources
Standard
Victory
Conquest
Starting age
Dark Age
Ending age
Imperial Age
RankedLock teamsTeams togetherTeam positionsShared explorationLock speedFull tech treeHidden civsTurbo modeCheats
Victory
Defeat
🇹🇷 Chinese · Türkiye
850
+15
🇹🇷 Persians · Türkiye
824
+16
🇬🇷 Britons · Greece
806
+17
🇩🇰 Poles · Denmark
801
+17
🇹🇷 Magyars · Türkiye
915
-20
🇧🇷 Khmer · Brazil
837
-17
🇺🇸 Goths · United States
822
-16
🇹🇷 Wei · Türkiye
719
-12
Poexs
1:08 Loom
8:52 Feudal Age
10:21 Double-Bit Axe
13:42 Castle Age
12:57 Horse Collar
14:25 Bow Saw
14:09 Stone Mining
17:43 Stone Shaft Mining
16:59 Gold Mining
17:15 Heavy Plow
23:44 Kamandaran
24:24 Caravan
24:31 Crossbowman
25:37 Husbandry
27:03 Padded Archer Armor
26:53 Fletching
27:44 Thumb Ring
31:04 Leather Archer Armor
30:44 Bodkin Arrow
31:09 Husbandry
31:20 Bloodlines
31:33 Ballistics
35:30 Imperial Age
33:34 Town Watch
34:25 Wheelbarrow
35:32 Gold Shaft Mining
36:52 Ring Archer Armor
36:27 Scale Barding Armor
36:33 Forging
36:51 Conscription
35:53 Elite War Elephant
38:35 Chemistry
38:08 Hand Cart
37:53 Town Patrol
40:15 Chain Barding Armor
40:30 Iron Casting
43:12 Two-Man Saw
42:57 Crop Rotation
43:30 Heated Shot
43:41 Murder Holes
44:58 Plate Barding Armor
45:23 Blast Furnace
53:18 Scale Mail Armor
53:06 Arson
53:22 Squires
53:07 Gambesons
53:22 Guard Tower
53:38 Siphons
53:43 Careening
53:44 Clinker Construction
53:45 Masonry
54:04 Parthian Tactics
53:00 Heavy Cavalry Archer
53:00 Elite Skirmisher
53:09 Heavy Cavalry Archer
53:13 Heavy Scorpion
53:16 Onager
53:18 Capped Ram
54:59 Citadels
54:23 Sappers
55:36 Hoardings
55:18 Incendiaries
54:32 Siege Ram
54:37 Heavy Camel Rider
54:37 Cavalier
54:38 Light Cavalry
Toytatın Şimşeği
1:01 Loom
7:43 Feudal Age
8:32 Horse Collar
8:40 Double-Bit Axe
13:25 Castle Age
11:20 Horse Collar
14:44 Heavy Plow
15:08 Bow Saw
17:47 Gold Mining
18:39 Wheelbarrow
17:51 Crossbowman
19:42 Hand Cart
20:20 Gold Shaft Mining
20:22 Fletching
21:25 Stone Mining
23:07 Thumb Ring
26:22 Imperial Age
25:55 Bodkin Arrow
26:00 Padded Archer Armor
26:49 Ballistics
28:05 Two-Man Saw
28:32 Stone Shaft Mining
28:06 Great Wall
28:23 Fortified Wall
29:14 Chemistry
27:55 Arbalester
30:09 Bracer
30:24 Leather Archer Armor
31:35 Heavy Rocket Cart
35:02 Rocketry
36:58 Caravan
38:36 Conscription
52:57 Capped Ram
Garloc
1:34 Loom
11:26 Feudal Age
12:18 Double-Bit Axe
12:13 Horse Collar
13:25 Wheelbarrow
18:44 Castle Age
18:12 Scale Barding Armor
18:18 Forging
17:59 Fletching
18:23 Padded Archer Armor
19:14 Bloodlines
19:36 Light Cavalry
20:17 Husbandry
26:13 Hand Cart
31:13 Imperial Age
28:57 Szlachta Privileges
30:18 Treadmill Crane
30:59 Ballistics
30:50 Fortified Wall
30:45 Murder Holes
31:16 Caravan
32:42 Chain Barding Armor
32:57 Iron Casting
32:19 Bodkin Arrow
32:50 Leather Archer Armor
32:36 Scale Mail Armor
34:40 Bow Saw
34:31 Heavy Plow
35:39 Blast Furnace
35:44 Chemistry
34:46 Onager
34:57 Winged Hussar
34:58 Cavalier
35:43 Pikeman
36:24 Squires
36:10 Arson
36:19 Town Watch
37:30 Crop Rotation
36:44 Onager
36:45 Capped Ram
38:13 Gold Mining
38:18 Stone Mining
38:47 Siege Ram
42:20 Masonry
42:14 Bracer
42:30 Chain Mail Armor
43:55 Conscription
44:41 Lechitic Legacy
47:06 Hoardings
47:24 Plate Mail Armor
47:34 Coinage
53:36 Stone Shaft Mining
57:43 Spies/Treason
avvocatore
0:33 Loom
8:00 Feudal Age
8:33 Double-Bit Axe
8:31 Horse Collar
9:31 Wheelbarrow
8:42 Town Watch
10:25 Gold Mining
11:24 Stone Mining
20:12 Castle Age
21:13 Hand Cart
20:59 Town Patrol
21:01 Heavy Plow
21:38 Gold Shaft Mining
21:18 Bow Saw
26:36 Imperial Age
24:26 Pikeman
25:07 Squires
27:44 Ballistics
28:18 Forging
28:09 Scale Mail Armor
28:00 Fletching
28:11 Padded Archer Armor
27:35 Halberdier
30:33 Two-Man Saw
32:38 Iron Casting
32:18 Chain Mail Armor
31:59 Bodkin Arrow
34:24 Chemistry
33:53 Yeomen
33:54 Conscription
33:35 Arson
34:56 Onager
42:15 Blast Furnace
41:59 Plate Mail Armor
43:33 Bracer
43:49 Leather Archer Armor
51:40 Elite Longbowman
57:33 Ring Archer Armor
Laxbrody4
2:59 Loom
7:12 Feudal Age
7:38 Double-Bit Axe
7:35 Horse Collar
8:25 Gold Mining
9:32 Man-at-Arms
18:02 Castle Age
16:23 Stone Mining
16:36 Scale Mail Armor
16:47 Forging
18:08 Fletching
19:19 Long Swordsman
20:21 Chain Mail Armor
20:41 Iron Casting
24:30 Elite Skirmisher
27:36 Padded Archer Armor
31:27 Imperial Age
30:28 Wheelbarrow
31:27 Leather Archer Armor
31:07 Bodkin Arrow
31:15 Town Watch
32:12 Anarchy
32:13 Perfusion
34:44 Heavy Plow
38:30 Blast Furnace
37:31 Bracer
45:11 Pikeman
SevenLives <3
10:14 Loom
11:59 Feudal Age
14:37 Wheelbarrow
13:47 Town Watch
15:56 Double-Bit Axe
15:52 Horse Collar
16:05 Gold Mining
20:02 Castle Age
23:37 Imperial Age
23:08 Scale Barding Armor
23:40 Caravan
24:12 Coinage
24:24 Chain Barding Armor
25:06 Hand Cart
25:34 Bow Saw
27:15 Bloodlines
27:06 Husbandry
27:15 Husbandry
28:03 Heavy Plow
30:39 Cavalier
32:07 Plate Barding Armor
32:01 Fletching
33:52 Town Patrol
35:00 Two-Man Saw
34:34 Bodkin Arrow
34:41 Padded Archer Armor
36:02 Crop Rotation
34:56 Paladin
35:11 Light Cavalry
36:51 Banking
36:14 Hussar
38:50 Heavy Cavalry Archer
39:36 Thumb Ring
40:00 Parthian Tactics
40:22 Leather Archer Armor
40:47 Elite Skirmisher
42:07 Treadmill Crane
42:55 Bracer
45:27 Gold Shaft Mining
47:46 Chemistry
49:49 Ring Archer Armor
56:58 Conscription
HerrOliveira
3:15 Loom
4:07 Loom
4:55 Loom
7:37 Feudal Age
6:08 Loom
11:10 Castle Age
9:19 Double-Bit Axe
13:36 Loom
16:30 Wheelbarrow
19:18 Bow Saw
19:10 Gold Mining
20:50 Hand Cart
20:21 Town Watch
26:06 Imperial Age
24:17 Forging
24:13 Scale Barding Armor
24:59 Stone Mining
25:47 Gold Shaft Mining
25:21 Town Patrol
26:21 Iron Casting
26:06 Chain Barding Armor
26:29 Husbandry
26:40 Bloodlines
26:26 Cavalier
28:51 Blast Furnace
28:59 Elite Battle Elephant
33:39 Scale Mail Armor
35:00 Elite Ballista Elephant
36:45 Chain Mail Armor
44:41 Pikeman
R A P T O R
8:11 Feudal Age
8:37 Horse Collar
8:43 Double-Bit Axe
11:57 Gold Mining
19:55 Castle Age
19:16 Wheelbarrow
21:31 Squires
21:43 Bow Saw
22:10 Gold Shaft Mining
21:29 Stone Mining
21:48 Tuntian
23:04 Heavy Plow
23:56 Caravan
28:05 Imperial Age
25:55 Scale Barding Armor
26:01 Forging
25:55 Scale Mail Armor
25:45 Fletching
26:32 Fortified Wall
26:47 Arson
28:52 Murder Holes
29:13 Town Watch
30:11 Iron Casting
29:51 Chain Mail Armor
29:58 Chain Barding Armor
29:35 Bodkin Arrow
30:48 Elite Tiger Cavalry
34:33 Blast Furnace
33:56 Ballistics
34:37 Chemistry
34:00 Conscription
34:04 Bloodlines
33:54 Husbandry
34:15 Town Patrol
35:44 Bracer
35:45 Padded Archer Armor
38:04 Crop Rotation
42:12 Heavy Hei Guang Cavalry
45:03 Light Cavalry
50:13 Pikeman
51:15 Leather Archer Armor
52:12 Masonry
52:20 Halberdier
52:26 Hussar
Connection lost

Rejoining the realm…

Still unreachable

The connection could not be restored.

Session expired

The server has moved on; the page needs a fresh start.